 Dungeon Crawl Stone Soup version 0.16-a0-3972-g91ea21f (webtiles) character file.

2043 PolkaDot the Summoner (level 9, -3/68 HPs)
             Began as a Vampire Summoner on Feb 11, 2015.
             Was a Believer of Sif Muna.
             Slain by a sixfirhy (9 damage)
             ... summoned by miscasting Summon Ice Beast
             ... on level 7 of the Dungeon.
             The game lasted 00:39:43 (8194 turns).

PolkaDot the Summoner (Vampire Summoner)            Turns: 8194, Time: 00:39:44

Health: -3/68      AC:  6    Str:  7    XL:     9   Next: 4%
Magic:  4/14       EV: 12    Int: 18    God:    Sif Muna [**....]
Gold:   381        SH:  0    Dex: 14    Spells: 3 memorised, 3 levels left

rFire  . . .     SeeInvis +     p - +1 spear (freeze) (curse)
rCold  . . .     Clarity  .     y - +2 robe {MR+}
rNeg   + . .     SustAb   .     (no shield)
rPois  +         Gourm    .     r - +1 hat
rElec  .         Spirit   .     (no cloak)
rCorr  .         Warding  +     (no gloves)
rMut   .         Stasis   .     n - +0 pair of boots
MR     +....                    s - amulet of warding
Stlth  ++........               (no ring)
                                o - ring of poison resistance

@: very slightly contaminated, regenerating very quickly, somewhat resistant to
hostile enchantments, unstealthy
A: bottle blood, fangs 3, see invisible, dopey 1, poison resistance, unbreathing
a: Channel Energy, Forget Spell, Renounce Religion


You were on level 7 of the Dungeon.
You worshipped Sif Muna.
Sif Muna was pleased with you.
You were almost alive.

You visited 2 branches of the dungeon, and saw 8 of its levels.
You also visited: Sewer.

You collected 381 gold pieces.

Inventory:

Hand weapons
 p - a cursed +1 spear of freezing (weapon)
Missiles
 c - 2 throwing nets (quivered)
Armour
 n - a +0 pair of boots (worn)
 r - a +1 hat (worn)
 y - a +2 robe of magic resistance (worn)
Jewellery
 o - a ring of poison resistance (left hand)
 s - an amulet of warding (around neck)
Magical devices
 k - a wand of digging (16)
 l - a wand of digging (8)
 z - a wand of frost (19)
Scrolls
 e - 6 scrolls of fog
 f - a scroll of recharging
 g - 3 scrolls of teleportation
 h - a scroll of magic mapping
 j - 3 scrolls of remove curse
 m - 3 scrolls of blinking
 w - a scroll of enchant weapon {unknown}
Potions
 d - a potion of magic
 i - a potion of restore abilities
 q - a potion of cancellation
 u - 17 potions of blood {@*1}
 v - a potion of curing
 x - a potion of ambrosia {unknown}
Books
 b - a book of Callings

   Spells                             Type                      Level
   a - Summon Small Mammal            Summoning                    1
   b - Call Imp                       Summoning                    2
   c - Call Canine Familiar           Summoning                    3
   d - Summon Guardian Golem          Hexes/Summoning              4
   e - Summon Lightning Spire         Summoning/Air                4
   f - Summon Ice Beast               Ice/Summoning                4


   Skills:
 + Level 5.6 Fighting
 - Level 2.1 Dodging
 - Level 3.0 Stealth
 - Level 2.0 Spellcasting
 * Level 9.9 Summonings
 + Level 4.0 Ice Magic


You had 3 spell levels left.
You knew the following spells:

 Your Spells              Type           Power        Failure   Level  Hunger
d - Call Canine Familiar  Summ           #####...     1%          3    ###....
i - Summon Ice Beast      Ice/Summ       ####....     12%         4    #####..
s - Call Imp              Summ           #####...     1%          2    ###....


Dungeon Overview and Level Annotations

Branches:
Dungeon (7/15)             Temple (1/1) D:5

Altars:
Elyvilon
Kikubaaqudgha
Ru
Sif Muna
Xom
Yredelemnul


Innate Abilities, Weirdness & Mutations

Your natural rate of healing is extremely fast.
You can bottle blood from corpses.
You have razor-sharp teeth.
You have supernaturally acute eyesight.
You can survive without breathing.
You are dopey. (Int -2)
Your system is resistant to poisons.


Message History

The sixfirhy is moderately wounded.
Your wolf misses the sixfirhy.
Your wolf closely misses the sixfirhy.
Your ice beast completely misses the sixfirhy.
You found a teleport trap!
Your wolf closely misses the sixfirhy.
Your ice beast hits the sixfirhy.
Your ice beast freezes the sixfirhy!
Your wolf misses the sixfirhy. The ice beast misses you.
You see here 10 gold pieces.
Drink which item? (? for menu, Esc to quit)
Yummy - fresh blood!
The sixfirhy closely misses you. The sixfirhy misses you.
Your wolf closely misses the sixfirhy.
Your ice beast completely misses the sixfirhy.
The sixfirhy hits you.
* * * LOW HITPOINT WARNING * * *
The sixfirhy shocks you!
* * * LOW HITPOINT WARNING * * *
The ice beast closely misses you.
Your wolf closely misses the sixfirhy.
The sixfirhy hits you!
* * * LOW HITPOINT WARNING * * *
The sixfirhy shocks you!
You die...

#).........###.......#
#............†.......#
#...........)........#
###........._.).....####
....................#
....#.#...$.....Y...#
...†#...#.####......#
....##..#.# #.hY4..#
....##..#.# #..@^(.#
....##..#.# #......#
....# .#...........#
....# .####..†..$# #####
.......# ........#
.........# ........# ###


You could see a sixfirhy, an ice beast, a friendly ice beast and a friendly
wolf.

Vanquished Creatures
  A wasp (D:4)
  A giant frog (D:5)
  A scorpion (D:5)
  A wight (D:6)
  A hound (D:7)
  2 jellies (D:6)
  An iguana (D:7)
  2 orc wizards
  8 worker ants
  Ijyb (D:3)
  4 adders
  A giant mite (D:4)
  4 gnolls
  A worm (D:3)
  2 adder skeletons (D:4)
  2 giant geckos
  17 orcs
  10 bats
  A bat skeleton (D:6)
  3 giant cockroaches
  14 goblins
  3 hobgoblins
  4 jackals
  8 kobolds
  An ooze (D:5)
  3 ball pythons (Sewer)
  2 quokkas
  38 rats
  3 ballistomycetes
140 creatures vanquished.

Vanquished Creatures (collateral kills)
  Pikel (D:6)
  Prince Ribbit (D:5)
  A hippogriff (D:5)
  A sky beast (D:6)
  3 ogres
  A gnoll sergeant (D:5)
  4 giant frogs
  4 wights (D:6)
  A hound (D:6)
  4 orc priests
  5 orc wizards
  4 worker ants
  An iguana (D:5)
  A mummy (D:7)
  12 adders
  17 gnolls
  2 shadow imps (D:7)
  3 river rats (Sewer)
  4 worms
  4 giant geckos
  16 orcs
  9 ball pythons
  A bat skeleton (D:7)
  A bat zombie (D:6)
  3 giant cockroaches
  3 hobgoblins
  7 jackals
  2 bats
  6 giant newts
  A giant spore (D:7)
  5 goblins
  4 kobolds
  A quokka (D:6)
  28 rats
  3 ballistomycetes
164 creatures vanquished.

Vanquished Creatures (others)
  A wolf (D:6)
  2 ice beasts (D:6)
  A slave (D:6)
  5 crimson imps
  16 hounds
  6 shadow imps
  5 white imps
  A giant spore (D:6)
  2 quokkas (D:1)
  A quokka skeleton (D:6)
  A rat (D:1)
41 creatures vanquished.

Grand Total: 345 creatures vanquished

Notes
Turn   | Place    | Note
--------------------------------------------------------------
     0 | D:1      | PolkaDot, the Vampire Summoner, began the quest for the Orb.
     0 | D:1      | Reached XP level 1. HP: 13/13 MP: 3/3
   346 | D:1      | Reached XP level 2. HP: 19/19 MP: 0/4
   350 | D:1      | Learned a level 2 spell: Call Imp
   885 | D:2      | Reached skill level 1 in Fighting
   890 | D:2      | Reached XP level 3. HP: 8/26 MP: 0/6
   895 | D:2      | Learned a level 3 spell: Call Canine Familiar
  1627 | D:3      | Reached skill level 5 in Summonings
  1873 | D:3      | Reached XP level 4. HP: 6/32 MP: 7/7
  2439 | D:3      | Noticed Ijyb
  2456 | D:3      | Killed Ijyb
  2828 | D:3      | Reached XP level 5. HP: 34/38 MP: 9/9
  3368 | D:4      | Noticed an ogre
  3377 | D:4      | Killed an ogre
  3377 | D:4      | Reached skill level 6 in Summonings
  3481 | D:4      | Found a glowing drain.
  3492 | D:4      | Gained mutation: Your system is resistant to poisons. [potion of mutation]
  3492 | D:4      | Gained mutation: You are dopey. (Int -2) [potion of mutation]
  3535 | D:4      | Reached XP level 6. HP: 28/46 MP: 5/10
  3573 | Sewer    | Entered a sewer
  4220 | D:4      | Noticed an ogre
  4241 | D:4      | Killed an ogre
  4241 | D:4      | Reached skill level 7 in Summonings
  4289 | D:4      | HP: 2/47 [wasp (4)]
  4295 | D:4      | Reached XP level 7. HP: 22/53 MP: 1/12
  4760 | D:4      | Learned a level 4 spell: Summon Ice Beast
  4961 | D:5      | Entered Level 5 of the Dungeon
  5130 | D:5      | Found a staircase to the Ecumenical Temple.
  5136 | Temple   | Entered the Ecumenical Temple
  5145 | Temple   | Became a worshipper of Sif Muna the Loreminder
  5199 | D:5      | Reached skill level 8 in Summonings
  5455 | D:5      | Reached skill level 1 in Ice Magic
  5823 | D:5      | Noticed Prince Ribbit
  5836 | D:5      | Reached XP level 8. HP: 28/61 MP: 3/13
  6548 | D:5      | Killed Prince Ribbit
  6669 | D:6      | Acquired Sif Muna's first power
  6976 | D:6      | Noticed Pikel
  7014 | D:6      | Killed Pikel
  7014 | D:6      | Reached skill level 5 in Fighting
  7014 | D:6      | Reached skill level 9 in Summonings
  7846 | D:7      | Acquired Sif Muna's second power
  8021 | D:7      | Reached XP level 9. HP: 42/68 MP: 7/14
  8086 | D:7      | Found a sacrificial altar of Ru.
  8185 | D:7      | Noticed a sixfirhy
  8194 | D:7      | Slain by a sixfirhy

Action                   |  1- 3 |  4- 6 |  7- 9 || total
-------------------------+-------+-------+-------++-------
Melee: Unarmed           |    16 |       |       ||    16
       Dagger            |   130 |   308 |   130 ||   568
       Spear             |       |       |   230 ||   230
 Cast: Summon Small Mamm |    15 |       |       ||    15
       Call Imp          |    16 |    39 |    35 ||    90
       Call Canine Famil |       |    16 |    25 ||    41
       Summon Ice Beast  |       |       |    13 ||    13
Invok: Channel Energy    |       |       |    18 ||    18
  Use: Potion            |     3 |    24 |    46 ||    73
       Scroll            |     1 |    12 |     5 ||    18
 Stab: Sleeping          |     6 |     2 |     4 ||    12
       Distracted        |       |     1 |     4 ||     5
  Eat: Corpse            |    14 |     5 |     1 ||    20
